 Dungeon Crawl Stone Soup version 0.29-a0-334-gb41bcbb86e (webtiles) character file.

Game seed: 1024193749532477809

7437 jlumianski the Spear-Bearer (level 10, -2/68 HPs)
             Began as a Demonspawn Fighter on Apr 16, 2022.
             Was a Believer of Hepliaklqana.
             Slain by a death knight
             ... wielding a +1 halberd
              (25 damage)
             ... on level 8 of the Dungeon.
             The game lasted 00:52:34 (9361 turns).

jlumianski the Spear-Bearer (Demonspawn Fighter)    Turns: 9361, Time: 00:52:35

Health: -2/68      AC: 24    Str: 21    XL:     10   Next: 93%
Magic:  10/10      EV:  6    Int: 12    God:    Hepliaklqana [**....]
Gold:   484        SH:  6    Dex: 13    Spells: 9/9 levels left

rFire   . . .      SeeInvis .   o - +9 spear of Ceugomor {freeze, rC+ Int+3 Stlth+}
rCold   + . .      Faith    .   c - +0 buckler
rNeg    . . .      Spirit   .   t - +0 plate armour
rPois   .          Reflect  .   F - +1 hat
rElec   .          Harm     .   (no cloak)
rCorr   .          Rampage  .   r - +2 pair of gloves
Will    +....                   s - +0 pair of boots
Stlth   ..........              (no amulet)
HPRegen 2.21/turn               J - +4 ring of protection
MPRegen 0.12/turn               (no ring)

@: mighty, about to teleport, studying 2 skills
A: reduced essence, antennae 1, yellow scales 1, powered by death 2, powered by
pain 2, strong-willed 1
a: Renounce Religion, Recall Ancestor, Ancestor Identity


You were on level 8 of the Dungeon.
You worshipped Hepliaklqana.
Hepliaklqana was pleased with you.
You visited 2 branches of the dungeon, and saw 10 of its levels.
You also visited: Bailey.

You collected 523 gold pieces.
You spent 39 gold pieces at shops.

Inventory:

Hand Weapons
 a - a +1 war axe
 o - the +9 spear of Ceugomor (weapon) {freeze, rC+ Int+3 Stlth+}
   (You took it off a kobold on level 2 of the Dungeon)

   It freezes those it strikes, dealing additional cold damage.
   It can also slow down cold-blooded creatures.
   Int:       It affects your intelligence (+3).
   rC:        It protects you from cold.
   Stlth:     It makes you more stealthy.
 K - the +7 staff of the Meek {protect, meekguard}
   (You found it on level 7 of the Dungeon)

   It grants its wielder temporary protection when it strikes (+7 to AC).
   It provides extra protection to wielders with little health.
 N - a +0 broad axe
Missiles
 g - 258 stones
 j - 13 poisoned darts
 x - 7 boomerangs (quivered)
 A - a throwing net
Armour
 b - a +0 scale mail
 c - a +0 buckler (worn)
 r - a +2 pair of gloves (worn)
 s - a +0 pair of boots (worn)
 t - a +0 plate armour (worn)
 w - a +0 helmet
 F - a +1 hat (worn)
 H - +0 acid dragon scales
Jewellery
 B - a ring of ice
 J - a +4 ring of protection (left hand)
Wands
 u - a wand of polymorph (7)
 y - a wand of mindburst (18)
 E - a wand of digging (8)
 G - a wand of flame (21)
 L - a wand of paralysis (2)
Scrolls
 e - a scroll of torment
 l - a scroll of magic mapping
 m - 6 scrolls of teleportation
Potions
 d - 3 potions of might
 f - 3 potions of attraction
 h - 2 potions of magic
 i - 2 potions of lignification
 n - 2 potions of brilliance
 p - 2 potions of curing
 q - 3 potions of haste
 v - 3 potions of degeneration
 z - a potion of cancellation
 C - a potion of heal wounds
 D - a potion of resistance {unknown}


   Skills:
 + Level 6.1 Fighting
 - Level 2.7(7.1) Axes
 * Level 10.2(10.4) Polearms
 + Level 0.3 Throwing
 + Level 6.8 Armour
 + Level 1.3 Dodging
 + Level 2.4 Stealth
 * Level 8.4 Shields
 * Level 5.5 Evocations


You had 9 spell levels left.
You didn't know any spells.
Your spell library contained the following spells:

 Spells                   Type           Power      Damage    Failure   Level
 Ensorcelled Hibernation  Hex/Ice        0%         N/A       100%        2
 Spider Form              Tmut/Pois      0%         N/A       100%        3
 Airstrike                Air            0%         N/A       100%        4
 Anguish                  Hex/Necr       0%         N/A       100%        4
 Summon Lightning Spire   Summ/Air       0%         N/A       100%        4
 Lightning Bolt           Conj/Air       0%         1d11      100%        5


Dungeon Overview and Level Annotations

Branches:
Dungeon (9/15)             Temple (1/1) D:4          Bailey (visited)
   Lair: D:8-11         Orc: D:9-12

Altars:
Ashenzari
Cheibriados
Dithmenos
Fedhas
Gozag
Hepliaklqana
Kikubaaqudgha
Nemelex Xobeh
Qazlal
Ru
Sif Muna
Trog
Uskayaw
Vehumet
Wu Jian
Xom
Yredelemnul
Zin
The Shining One
Beogh

Shops:
D:4 [([(


Innate Abilities, Weirdness & Mutations

Your life essence is reduced to manifest your ancestor. (-10% HP)
You have a pair of small antennae on your head.
You are partially covered in yellow scales. (AC +2)
You regenerate health from kills.
You sometimes gain power by taking damage.
You are strong-willed. (Will+)


Message History

You see here a +0 mace.
There is a stone staircase leading down here.
You climb downwards.
The skeletal warrior hits you with a +0 flail!
The death knight hits you with a +1 halberd!
There is a stone staircase leading up, spattered with blood here.
Plamen points at the skeletal warrior and mumbles some strange words.
The stone arrow hits the skeletal warrior!
You block the skeletal warrior's attack.
The death knight hits you but does no damage.
You climb upwards.
There is a stone staircase leading down here.
You hit the skeletal warrior.
The skeletal warrior is lightly damaged.
The skeletal warrior hits you but does no damage.
The death knight offers itself to Yredelemnul, and fills with unholy energy.
Unknown command.
You hit the skeletal warrior but do no damage.
The skeletal warrior is lightly damaged.
The skeletal warrior hits you but does no damage.
The death knight hits you from afar with a +1 halberd!
You focus on the pain.
You feel your power returning.
You hit the skeletal warrior. You freeze the skeletal warrior.
The skeletal warrior is moderately damaged.
You hit the skeletal warrior.
The skeletal warrior is moderately damaged.
The skeletal warrior hits you with a +0 flail!
You focus on the pain.
You feel mightier all of a sudden.
The death knight hits you from afar with a +1 halberd!
You hit the skeletal warrior but do no damage.
The skeletal warrior is moderately damaged.
As you read the scroll of teleportation, it crumbles to dust.
You feel strangely unstable. The skeletal warrior barely misses you.
The death knight hits you from afar with a +1 halberd.
You hit the skeletal warrior but do no damage.
The skeletal warrior is moderately damaged.
The skeletal warrior hits you but does no damage.
The death knight hits you from afar with a +1 halberd!!
You die...

###.###.##.# #.# .##.##...#.# #.#
.........#.# #.# .........#.###
#.# #.#..........##### #.#
÷##..............# #.######
###..##.##.#.###.# #.##...#
.....##.##.#.# #z# #...<#.#
####.##.##.#.# #@# ####...#
####.##.##.#.# #R# ##.##
.........#.#.###p####### #.#
.#.#.##..#.......8.....# #.#
.#.#.##..###..8.....8..###.#
.#.#.##.................##.#
........................##.######
.#.#.###.#.#8....∩....8..........
.#.#.# #.#.............###.######


You could see the friendly Plamen the battlemage, a death knight (reflects
damage) and a skeletal warrior (ally target).

Vanquished Creatures
  An orc high priest (Bailey)
  Pikel (D:8)
  A kobold demonologist (Bailey)
  Maggie (D:6)
  A hornet (D:9)
  2 wyverns
  Edmund (D:6)
  A steam dragon (D:8)
  Menkaure (D:4)
  2 water moccasins
  8 orc warriors
  An ice beast (D:7)
  4 sky beasts
  An ogre (D:5)
  A phantom (D:5)
  2 lemures (D:8)
  A bullfrog (D:7)
  A gnoll sergeant (D:5)
  A necrophage (D:5)
  2 scorpions
  7 killer bees (D:8)
  An electric eel (Bailey)
  6 howler monkeys
  A hound (D:6)
  4 jellies
  10 orc priests
  9 orc wizards
  2 iguanas
  Robin (D:4)
  7 adders
  10 gnolls
  A shadow imp (D:7)
  A white imp (D:5)
  An ufetubus (D:5)
  2 worms
  4 dart slugs
  18 orcs
  6 endoplasms
  7 giant cockroaches
  17 goblins
  16 hobgoblins
  A quokka (D:2)
  11 ball pythons
  3 bats (D:1)
  3 frilled lizards (D:2)
  11 kobolds
  6 rats
200 creatures vanquished.

Vanquished Creatures (collateral kills)
  An orc knight (Bailey)
  An ice beast (D:6)
  6 orc warriors
  A scorpion (D:5)
  4 killer bees (D:8)
  3 electric eels (Bailey)
  An orc priest (D:7)
  An iguana (D:7)
  An orc wizard (D:7)
  2 adders
  A gnoll (Bailey)
  A white imp (D:7)
  14 orcs
  5 hobgoblins (Bailey)
42 creatures vanquished.

Vanquished Creatures (others)
  3 battlemagi (Bailey)
  2 ancestors (D:6)
  7 plants
12 creatures vanquished.

Grand Total: 254 creatures vanquished

Notes
Turn   | Place    | Note
-------+----------+-------------------------------------------
     0 | D:1      | jlumianski the Demonspawn Fighter began the quest for the
                  | Orb.
     0 | D:1      | Reached XP level 1. HP: 18/18 MP: 1/1
   221 | D:1      | Found a faded altar of an unknown god.
   320 | D:1      | Gained mutation: You are partially covered in yellow
                  | scales. (AC +2) [demonic ancestry]
   320 | D:1      | Reached XP level 2. HP: 16/24 MP: 2/2
  1430 | D:2      | Gained mutation: You regenerate a little health from kills.
                  | [demonic ancestry]
  1430 | D:2      | Reached XP level 3. HP: 28/29 MP: 3/3
  1650 | D:2      | Reached skill level 1 in Stealth
  1686 | D:2      | Identified the +9 spear of Ceugomor {freeze, rC+ Int+3
                  | Stlth+}
  1691 | D:2      | Reached XP level 4. HP: 20/35 MP: 4/4
  1978 | D:2      | Reached skill level 1 in Polearms
  2421 | D:3      | Found a shimmering blue altar of Sif Muna.
  2469 | D:3      | Reached XP level 5. HP: 41/41 MP: 5/5
  2714 | D:3      | Found an ornate altar of the Wu Jian Council.
  3027 | D:3      | Identified a scroll of acquirement
  3027 | D:3      | Acquired a manual of Shields
  3256 | D:4      | Noticed Robin
  3263 | D:4      | Killed Robin
  3338 | D:4      | Found Obimirarch's Weapon Emporium.
  3355 | D:4      | Bought 6 boomerangs for 39 gold pieces
  3486 | D:4      | Noticed Menkaure
  3502 | D:4      | Killed Menkaure
  3503 | D:4      | Reached skill level 2 in Polearms
  3503 | D:4      | Gained mutation: You have a pair of small antennae on your
                  | head. [demonic ancestry]
  3503 | D:4      | Reached XP level 6. HP: 38/47 MP: 6/6
  3615 | D:4      | Found a staircase to the Ecumenical Temple.
  3627 | Temple   | Entered the Ecumenical Temple
  3750 | Temple   | Became a worshipper of Hepliaklqana the Forgotten
  3839 | D:4      | Found Ykecsoa's Armour Boutique.
  3866 | D:4      | Found Nugour's Weapon Emporium.
  3923 | D:4      | Found Areasauv's Antique Armour Shoppe.
  4107 | D:5      | Entered Level 5 of the Dungeon
  4117 | D:5      | Reached skill level 3 in Polearms
  4261 | D:5      | Reached skill level 1 in Evocations
  4261 | D:5      | Gained mutation: You regenerate health from kills. [demonic
                  | ancestry]
  4261 | D:5      | Reached XP level 7. HP: 53/53 MP: 7/7
  4346 | D:5      | Reached skill level 4 in Polearms
  4378 | D:5      | Found a radiant altar of Vehumet.
  4565 | D:5      | Reached * piety under Hepliaklqana
  4569 | D:5      | Reached skill level 1 in Dodging
  4613 | D:5      | Reached skill level 5 in Polearms
  4684 | D:5      | Gained mutation: You sometimes gain a little power by
                  | taking damage. [demonic ancestry]
  4684 | D:5      | Reached XP level 8. HP: 54/54 MP: 8/8
  4878 | D:5      | Reached skill level 5 in Shields
  5139 | D:6      | Reached skill level 6 in Polearms
  5218 | D:6      | Noticed Edmund
  5232 | D:6      | Killed Edmund
  5551 | D:6      | Noticed Maggie
  5561 | D:6      | Killed Maggie
  5562 | D:6      | Reached skill level 5 in Fighting
  5562 | D:6      | Reached skill level 7 in Polearms
  5562 | D:6      | Reached skill level 5 in Armour
  5562 | D:6      | Gained mutation: You sometimes gain power by taking damage.
                  | [demonic ancestry]
  5562 | D:6      | Reached XP level 9. HP: 31/61 MP: 9/9
  6196 | D:7      | Reached ** piety under Hepliaklqana
  6200 | D:7      | Reached skill level 8 in Polearms
  6211 | D:7      | Remembered your ancestor Plamen as a battlemage
  6677 | D:7      | Found the +7 staff of the Meek {protect, meekguard}
  7144 | D:8      | Found a flagged portal.
  7174 | Bailey   | Entered a bailey
  7287 | Bailey   | Noticed an orc knight
  7300 | Bailey   | Killed an orc knight
  7301 | Bailey   | Reached skill level 9 in Polearms
  7301 | Bailey   | Reached XP level 10. HP: 44/66 MP: 10/10
  7986 | Bailey   | Found an iron altar of Okawaru.
  7986 | Bailey   | Noticed an orc high priest
  7989 | Bailey   | Noticed an orange demon
  7993 | Bailey   | Gained mutation: You are strong-willed. (Will+) [a neqoxec]
  7998 | Bailey   | Noticed a smoke demon
  8007 | Bailey   | HP: 3/66 [orc high priest/divine providence (11)]
  8351 | Bailey   | Killed an orc high priest
  8352 | Bailey   | Reached skill level 5 in Evocations
  8376 | Bailey   | Acquired a manual of Fighting
  8879 | D:8      | Found a stormy altar of Qazlal.
  9080 | D:8      | Noticed Pikel
  9095 | D:8      | Killed Pikel
  9096 | D:8      | Reached skill level 10 in Polearms
  9234 | D:8      | Found a hide-covered altar of Uskayaw.
  9331 | D:9      | Noticed a death knight
  9339 | D:9      | Noticed a skeletal warrior
  9340 | D:9      | Noticed a skeletal warrior
  9361 | D:8      | Slain by a death knight

Illustrated notes

Levels and vault maps discovered:
D:1:      elethiomel_arrival_shortcut, layout_basic,
          hellmonk_ecumenical_altar_defaced_shrine, serial_bayou_ford_a,
          minivault_23
D:2:      layout_basic, grunt_ministairs_1, chequers_serial_rivers_room_b
D:3:      layout_basic, mainiacjoe_overflow_alcove_4, old_standard_altar,
          minmay_misc_feat_tiny
D:4:      layout_cave_pods, minmay_temple_entry_gardened_gates, serial_shops,
          kennysheep_mini_moat, shop, nicolae_shop_bloodbath_and_beyond, shop,
          uniq_menkaure, uniq_robin
D:5:      wad_crossroads, layout_loops_cross,
          mainiacjoe_overflow_six_doors_small
D:6:      layout_basic, uniq_edmund, uniq_maggie
D:7:      layout_basic, pf_guarded_unrand_meek
D:8:      layout_loops_ring, kennysheep_little_box,
          lemuel_coloured_pillars_altar, enter_bailey_6, uniq_pikel
D:9:      layout_basic, okawaru_humans, mainiacjoe_overflow_cross_hatched,
          uniq_psyche
Temple:   jpeg_temple_clearing

Skill      XL: |  1  2  3  4  5  6  7  8  9 10 |
---------------+-------------------------------+-----
Armour         | 3 4 5 6 |  6.8
Axes           | 2 |  2.7
Shields        | 3 4 5 6 8 |  8.4
Stealth        | 1 2 |  2.4
Polearms       | 1 2 3 5 7 9 10 | 10.2
Evocations     | 1 3 4 5 |  5.5
Fighting       | 4 5 6 |  6.1
Dodging        | 1 |  1.3
Throwing       | |  0.3

Action                   |  1- 3 |  4- 6 |  7- 9 | 10-12 || total
-------------------------+-------+-------+-------+-------++-------
Melee: War axe           |    88 |     3 |       |       ||    91
       Spear             |       |   125 |   245 |   154 ||   524
Throw: Stone             |     2 |       |       |       ||     2
       Boomerang         |       |     3 |       |       ||     3
Invok: Ancestor Life: Ba |       |       |     1 |       ||     1
       Recall Ancestor   |       |       |       |     1 ||     1
Evoke: Wand              |       |       |     1 |     1 ||     2
  Use: Scroll            |     1 |     9 |     9 |     7 ||    26
       Potion            |       |     3 |     1 |     5 ||     9
 Stab: Distracted        |       |       |     1 |       ||     1
       Invisible         |       |       |       |     1 ||     1
Armor: Scale mail        |    53 |    37 |       |       ||    90
       Plate armour      |       |    11 |   103 |    78 ||   192
Dodge: Dodged            |    38 |    29 |    36 |    50 ||   153
Block: Buckler           |    22 |    16 |    40 |    36 ||   114

Table legend: (Time is in decaauts)
 A = Elapsed time spent in this place.
 B = Non-inter-level travel time spent in this place.
 C = Inter-level travel time spent in this place.
 D = Time resting spent in this place.
 E = Time spent auto-exploring this place.
 F = Levels seen in this place.
 G = Mean time per level.
                   A        B        C        D        E       F      G
               +--------+--------+--------+--------+--------+-----+--------+
         Total |   9327 |   9029 |    298 |    704 |   5532 |  11 |  847.9 |
       Dungeon |   7827 |   7529 |    298 |    115 |   5261 |   9 |  869.7 |
        Temple |    141 |    141 |      0 |      0 |     82 |   1 |  141.0 |
        Bailey |   1359 |   1359 |      0 |    589 |    188 |   1 | 1359.0 |
               +--------+--------+--------+--------+--------+-----+--------+

Top non-repeatable levels by time:
     D:1: 1415 daAuts
  Bailey: 1359 daAuts
     D:7: 1237 daAuts
     D:2: 946 daAuts
     D:5: 905 daAuts
     D:4: 902 daAuts
     D:8: 879 daAuts
     D:6: 766 daAuts
     D:3: 741 daAuts
  Temple: 141 daAuts
     D:9: 32 daAuts
